 Dungeon Crawl Stone Soup version 0.24-a0-619-gb7544fd (webtiles) character file.

Game seed: 10333808679055344491, levelgen mode: deterministic

567 Blackhawk the Shield-Bearer (level 7, -3/44 HPs)
             Began as a Gargoyle Fighter on Sept 17, 2019.
             Slain by an ogre
             ... wielding a +0 giant spiked club
              (16 damage)
             ... on level 4 of the Dungeon.
             The game lasted 00:06:16 (4297 turns).

Blackhawk the Shield-Bearer (Gargoyle Fighter)      Turns: 4297, Time: 00:06:16

Health: -3/44      AC: 17    Str: 21    XL:     7   Next: 33%
Magic:  2/2        EV:  4    Int:  9    God:
Gold:   252        SH: 10    Dex:  9    Spells: 6/6 levels left

rFire    . . .     SeeInvis .   s - +0 hand axe (antimagic)
rCold    . . .     Gourm    .   c - +0 shield
rNeg     + . .     Faith    .   m - +0 plate armour
rPois    ∞         Spirit   .   (no helmet)
rElec    +         Reflect  .   (no cloak)
rCorr    .         Harm     .   (no gloves)
MR       .....                  (no boots)
Stlth    ..........             (no amulet)
HPRegen  0.14/turn              (no ring)
MPRegen  0.08/turn              (no ring)

@: no status effects
A: negative energy resistance 1, electricity resistance, unbreathing,
petrification resistance, rot immunity, AC +4
a: no special abilities


You were on level 4 of the Dungeon.
You were not hungry.

You visited 1 branch of the dungeon, and saw 4 of its levels.

You collected 252 gold pieces.

Inventory:

Hand Weapons
 a - a +0 flail
 s - a +0 antimagic hand axe (weapon)
Missiles
 p - 2 boomerangs of dispersal (quivered)
Armour
 b - a +0 scale mail
 c - a +0 shield (worn)
 m - a +0 plate armour (worn)
Scrolls
 g - a scroll of noise {unknown}
 h - 2 scrolls of remove curse
 j - 4 scrolls of identify {unknown}
 n - 3 scrolls of enchant weapon {unknown}
 o - 4 scrolls of teleportation {unknown}
 t - 2 scrolls of fear {unknown}
 v - a scroll of random uselessness {unknown}
 w - a scroll of magic mapping {unknown}
Potions
 d - 3 potions of might
 e - 2 potions of brilliance {unknown}
 i - 3 potions of mutation {unknown}
 k - a potion of berserk rage {unknown}
 l - a potion of lignification {unknown}
 q - a potion of agility {unknown}
 r - 2 potions of magic {unknown}
 u - 2 potions of degeneration {unknown}
 z - a potion of flight {unknown}
Comestibles
 f - 6 rations
 x - 3 chunks of flesh


   Skills:
 + Level 5.2 Fighting
 + Level 2.0(2.9) Axes
 - Level 3.3(3.7) Maces & Flails
 + Level 5.2 Armour
 + Level 5.3 Shields


You had 6 spell levels left.
You didn't know any spells.
Your spell library was empty.

Dungeon Overview and Level Annotations

Branches:
Dungeon (4/15)
 Temple: D:4-7

Altars:
Ashenzari
Hepliaklqana
Qazlal
Trog


Innate Abilities, Weirdness & Mutations

You are resistant to torment.
Your stone body is resilient. (AC +4)
You are immune to poison.
You resist negative energy. (rN+)
You are resistant to electric shocks. (rElec)
You can survive without breathing.
You are immune to petrification.
You are immune to rotting.


Message History

You are too injured to fight recklessly!
You are too injured to fight recklessly!
You are too injured to fight recklessly!
You are too injured to fight recklessly!
You are too injured to fight recklessly!
You are too injured to fight recklessly!
You are too injured to fight recklessly!
You are too injured to fight recklessly!
You are too injured to fight recklessly!
You closely miss the ogre.
The ogre hits you with a +0 giant spiked club!
* * * LOW HITPOINT WARNING * * *
A bullfrog skeleton comes into view.
You hit the ogre.
The ogre is lightly wounded.
You block the ogre's attack.
You hit the ogre.
The ogre is moderately wounded.
The ogre hits you with a +0 giant spiked club!
You die...

#..............[..####.##
#......................##
#....##....######....÷###
#....##....'....'....÷#.#
#....##....######....[)#.
#........########.....#.#
.......................+#.
####.#####.########.....#.#
.. #@# #......#. .....ZO.#
###'#.#.# ..%...###
#.#.#.#. ...... ##.#.#.#
..... #.#.#.#. ..###
###[#.#.# . ..#.#.#.
##.#.#.# #.#.#.#.


You could see an ogre and a bullfrog skeleton.

Vanquished Creatures
  2 hounds (D:4)
  2 orc priests (D:4)
  5 orc wizards
  Natasha (D:2)
  A centaur skeleton (D:4)
  A worker ant (D:4)
  3 gnolls (D:2)
  8 adders
  2 oozes
  An adder skeleton (D:4)
  3 dart slugs
  4 worms
  A leopard gecko (D:4)
  8 orcs
  12 bats
  4 giant cockroaches
  12 goblins
  15 hobgoblins
  3 jackals (D:4)
  8 kobolds
  2 quokkas (D:2)
  A ball python (D:3)
  4 frilled lizards
  7 rats
110 creatures vanquished.

Notes
Turn   | Place    | Note
-------+----------+-------------------------------------------
     0 | D:1      | Blackhawk the Gargoyle Fighter began the quest for the Orb.
     0 | D:1      | Reached XP level 1. HP: 14/14 MP: 1/1
   148 | D:1      | Reached XP level 2. HP: 13/19 MP: 2/2
   773 | D:2      | Reached XP level 3. HP: 23/24 MP: 3/3
  1175 | D:2      | Reached XP level 4. HP: 23/29 MP: 4/4
  1734 | D:2      | Reached XP level 5. HP: 30/33 MP: 5/5
  2170 | D:2      | Noticed Natasha
  2184 | D:2      | Killed Natasha
  2594 | D:3      | Found a shattered altar of Ashenzari.
  2680 | D:3      | Reached XP level 6. HP: 39/39 MP: 2/6
  3007 | D:3      | Reached skill level 1 in Axes
  3160 | D:3      | Found a hazy altar of Hepliaklqana.
  3528 | D:4      | Reached skill level 5 in Shields
  3542 | D:4      | Reached skill level 5 in Fighting
  3542 | D:4      | Reached skill level 5 in Armour
  3542 | D:4      | Reached XP level 7. HP: 20/44 MP: 2/7
  4172 | D:4      | Noticed a moth of wrath
  4175 | D:4      | Found a bloodstained altar of Trog.
  4253 | D:4      | Found a stormy altar of Qazlal.
  4297 | D:4      | Slain by an ogre

Levels and vault maps discovered:
D:1:      ncdulo_watergridlock, layout_basic, minmay_misc_feat_rows
D:2:      layout_basic, uniq_natasha
D:3:      layout_basic, nicolae_ashenzari_panopticon, overflow_temple_1_default,
          minmay_goblin_outpost
D:4:      layout_basic, grunt_gozag_statues, nicolae_qazlal_general_emergency,
          tgw_trog, kennysheep_another_room

Skill      XL: |  1  2  3  4  5  6  7 |
---------------+----------------------+-----
Fighting       | 4 5 |  5.2
Armour         | 4 5 |  5.2
Shields        | 4 5 |  5.3
Maces & Flails | 3 |  3.3
Axes           | 1 2 |  2.0

Action                   |  1- 3 |  4- 6 |  7- 9 || total
-------------------------+-------+-------+-------++-------
Melee: Flail             |   191 |   159 |       ||   350
       Hand axe          |       |   248 |    80 ||   328
  Use: Scroll            |       |     2 |       ||     2
  Eat: Chunk             |     1 |     9 |     3 ||    13
Armor: Scale mail        |    19 |       |       ||    19
       Plate armour      |   165 |   394 |    34 ||   593
Dodge: Dodged            |    29 |    74 |    14 ||   117
Block: Shield            |   126 |   231 |    28 ||   385

Table legend:
 A = Non-vault XP
 B = Vault XP
 C = Vault XP percentage of total XP
 D = Non-vault monster count
 E = Vault monster count
 F = Vault count percentage of total count
                 A         B        C        D         E       F
            +---------+---------+-------+---------+---------+-------
      Total |     747 |      63 |   7.8 |      97 |      13 |  11.8
            +---------+---------+-------+---------+---------+-------
        D:1 |      32 |       0 |   0.0 |      17 |       0 |   0.0
        D:2 |     182 |      39 |  17.6 |      35 |       1 |   2.8
        D:3 |     172 |      16 |   8.5 |      24 |       8 |  25.0
        D:4 |     361 |       8 |   2.2 |      21 |       4 |  16.0
            +---------+---------+-------+---------+---------+-------
